[Event "Titled Tuesday Blitz May 24 Early 2022"]
[White "Hoffmann, Asa"]
[Black "Kalogridis, Antonios"]
[WhiteFideId "2001470"]
[BlackFideId "25833901"]
[WhiteElo "2117"]
[BlackElo "1596"]
[Result "0-1"]
[Round "10"]
[TimeControl "180+1"]
[Date "2022.05.25"]
[WhiteClock "0:00:16"]
[BlackClock "0:00:57"]

1. d4 e6 2. e4 d5 3. e5 c5 4. Nf3 Nc6 5. Bd3 cxd4 6. O-O Nge7 7. Bf4 Ng6 8. Bg3 Qb6 9. b3 Bd7 10. h4 O-O-O 11. h5 Nge7 12. a3 Kb8 13. b4 Nf5 14. Bxf5 exf5 15. e6+ Ka8 16. exd7 Rxd7 17. Nbd2 f6 18. Re1 Be7 19. Nb3 g5 20. hxg6 hxg6 21. Nfxd4 Bd8 22. c3 Rdh7 23. f3 Ne5 24. Nc5 Bc7 25. Kf2 Qd6 26. Ne2 g5 27. Bxe5 fxe5 28. Qd3 e4 29. Qd4 exf3 30. gxf3 Qe7 31. Ng1 Qd6 32. f4 Rh2+ 33. Kf1 gxf4 34. Rad1 Bb6 35. Qxd5 Bxc5 36. Qxd6 Rf2# 0-1


[Site "https://www.chess.com"]

[Event "Titled Tuesday Blitz May 24 Early 2022"]
[White "Horak, Martin"]
[Black "Li, Zhuoling"]
[WhiteFideId "367095"]
[BlackFideId "8605629"]
[WhiteElo "1997"]
[BlackElo "2355"]
[Result "1-0"]
[Round "10"]
[TimeControl "180+1"]
[Date "2022.05.25"]
[WhiteClock "0:00:03"]
[BlackClock "0:00:02"]

1. e4 c5 2. Nf3 Nc6 3. d4 cxd4 4. Nxd4 e5 5. Nb5 d6 6. c4 Be7 7. Be2 a6 8. N5c3 Nf6 9. O-O O-O 10. Be3 Be6 11. b3 Rc8 12. Nd2 h6 13. Rc1 Nb8 14. f4 exf4 15. Bxf4 Nbd7 16. Nf3 Qb6+ 17. Kh1 Ng4 18. Nd4 Nge5 19. Nd5 Bxd5 20. exd5 Bg5 21. Bxg5 hxg5 22. Nf5 Rfe8 23. Rc3 Nc5 24. Rh3 Ne4 25. Qe1 Nf6 26. Qg3 g4 27. Rh4 Qb4 28. Bxg4 Nexg4 29. Rxg4 Nxg4 30. Qxg4 Qc3 31. Nxd6 Re1 32. Qf4 Rxf1+ 33. Qxf1 Rf8 34. h3 f6 35. Nf5 Qe5 36. Qf3 Re8 37. Qg4 Qe1+ 38. Kh2 Qe5+ 39. Ng3 Kf7 40. h4 g6 41. Kh3 f5 42. Qg5 Qf6 43. Qh6 Qg7 44. Qf4 Qf6 45. Qc7+ Re7 46. Qf4 Qe5 47. Qg5 Qf6 48. Qd2 Qe5 49. h5 gxh5 50. Qg5 Qg7 51. Qxh5+ Qg6 52. Qxf5+ Qxf5+ 53. Nxf5 Re2 54. g4 Rxa2 55. c5 Rd2 56. d6 1-0


[Site "https://www.chess.com"]

[Event "Titled Tuesday Blitz May 24 Early 2022"]
[White "Ianov, Viktor"]
[Black "Kruckenhauser, Arthur"]
[WhiteFideId "14102730"]
[BlackFideId "1642812"]
[WhiteElo "2152"]
[BlackElo "2243"]
[Result "1-0"]
[Round "10"]
[TimeControl "180+1"]
[Date "2022.05.25"]
[WhiteClock "0:01:37"]
[BlackClock "0:02:04"]

1. Nf3 f5 2. g3 Nf6 3. Bg2 e6 4. c4 Be7 5. O-O d5 6. d3 O-O 7. Nc3 c6 8. e4 fxe4 9. dxe4 Nxe4 10. Nxe4 dxe4 11. Qxd8 Rxd8 12. Ng5 e5 13. Nxe4 Nd7 14. Be3 Nf6 15. Rfd1 Bg4 16. Rxd8+ Rxd8 17. Bxa7 Nxe4 18. Bxe4 Rd2 19. b3 Bb4 20. Be3 Rb2 21. Kg2 Bc3 22. h3 Be2 23. Rc1 Bd4 24. Rc2 Rxc2 25. Bxc2 h6 26. c5 Kf7 27. Bf5 Ke7 28. Bc8 Ba6 29. b4 Kd8 30. Bf5 Bc4 31. Bxd4 exd4 32. a3 Be2 33. f4 Kc7 34. Kf2 Bd1 35. Ke1 Bf3 36. Kd2 b6 37. Kd3 bxc5 38. bxc5 1-0


[Site "https://www.chess.com"]

[Event "Titled Tuesday Blitz May 24 Early 2022"]
[White "Itkis, Boris"]
[Black "Navalgund, Niranjan"]
[WhiteFideId "1209167"]
[BlackFideId "5030854"]
[WhiteElo "2207"]
[BlackElo "2290"]
[Result "0-1"]
[Round "10"]
[TimeControl "180+1"]
[Date "2022.05.25"]
[WhiteClock "0:00:09"]
[BlackClock "0:00:15"]

1. Nf3 g6 2. b3 Bg7 3. d4 c5 4. Bb2 cxd4 5. Bxd4 Nf6 6. e3 Nc6 7. Bb2 O-O 8. Nbd2 Qa5 9. Bd3 Nb4 10. O-O Nxd3 11. cxd3 b6 12. Nc4 Qh5 13. Nd4 Qh6 14. Ba3 d6 15. Qf3 Bg4 16. Qg3 Bd7 17. Rac1 Rfc8 18. Nd2 Nd5 19. N2f3 e5 20. Ne2 Bf8 21. Rxc8 Rxc8 22. Rc1 Rxc1+ 23. Nxc1 Qg7 24. Qh4 Be7 25. Qc4 Be6 26. Qc2 h5 27. Ne2 g5 28. Nc3 g4 29. Nd2 Nf6 30. Nce4 h4 31. Nxd6 h3 32. g3 Nd5 33. N6c4 Qf6 34. Bxe7 Qxe7 35. Ne4 f5 36. Ned6 f4 37. exf4 exf4 38. Qe2 fxg3 39. fxg3 Qf6 40. Ne4 Qa1+ 41. Qf1 Qd4+ 42. Qf2 Qxd3 43. Ncd6 Qd1+ 44. Qf1 Qd4+ 45. Qf2 Qa1+ 46. Qf1 Qxa2 47. Nf5 Bxf5 48. Qxf5 Qb1+ 49. Kf2 Qc2+ 50. Kf1 Ne3+ 0-1


[Site "https://www.chess.com"]

[Event "Titled Tuesday Blitz May 24 Early 2022"]
[White "Ivanisevic, Ivan"]
[Black "Levitskiy, Andrey"]
[WhiteFideId "912417"]
[BlackFideId "14132885"]
[WhiteElo "2495"]
[BlackElo "2301"]
[Result "1-0"]
[Round "10"]
[TimeControl "180+1"]
[Date "2022.05.25"]
[WhiteClock "0:01:37"]
[BlackClock "0:00:02"]

1. e4 e6 2. Nc3 d5 3. d4 Bb4 4. exd5 exd5 5. Bd3 Nc6 6. a3 Bxc3+ 7. bxc3 Nge7 8. Qh5 Be6 9. Nf3 Qd7 10. Ng5 O-O-O 11. O-O g6 12. Qf3 Bf5 13. Nxf7 Rhf8 14. Nxd8 Qxd8 15. Bh6 Rf7 16. Rfe1 Qd7 17. Bg5 Ng8 18. Qe3 h6 19. Qe8+ Qxe8 20. Rxe8+ Kd7 21. Rxg8 Bxd3 22. cxd3 hxg5 23. Rxg6 Re7 24. Kf1 Na5 25. Rxg5 Nb3 26. Rd1 c5 27. dxc5 Kc6 28. d4 Kb5 29. h4 Kc4 30. h5 Kxc3 31. Rxd5 Kc2 32. Ra1 Nxa1 33. h6 Kd2 34. g4 Nc2 35. g5 Ne1 36. g6 Nf3 37. g7 Nh4 38. Re5 1-0


[Site "https://www.chess.com"]

[Event "Titled Tuesday Blitz May 24 Early 2022"]
[White "Jakubowska, Anna"]
[Black "Ferreira, Vitor Hugo Vieira"]
[WhiteFideId "1121952"]
[BlackFideId "2119765"]
[WhiteElo "1878"]
[BlackElo "2165"]
[Result "0-1"]
[Round "10"]
[TimeControl "180+1"]
[Date "2022.05.25"]
[WhiteClock "0:00:08"]
[BlackClock "0:00:19"]

1. e4 c5 2. Nc3 Nc6 3. g3 g6 4. Bg2 Bg7 5. d3 Rb8 6. Nh3 b5 7. O-O b4 8. Nd5 e6 9. Ne3 Nge7 10. f4 d5 11. f5 gxf5 12. exf5 Nxf5 13. Nxf5 exf5 14. Bf4 Rb7 15. Qh5 O-O 16. Ng5 h6 17. Nf3 Qf6 18. Rae1 Qg6 19. Qh4 Be6 20. Bh3 Nd4 21. Bd6 Bf6 22. Qf4 Bg5 23. Qe5 Bf6 24. Qf4 Rc8 25. Nxd4 Bxd4+ 26. Kg2 Bxb2 27. Bxf5 Bxf5 28. Qxf5 Qxf5 29. Rxf5 c4 30. Rxd5 cxd3 31. cxd3 Rc2+ 32. Kh3 Bc3 33. Re8+ Kh7 34. Bf4 Rxa2 35. Rdd8 b3 36. d4 b2 37. Be5 b1=Q 38. Rg8 Qf1+ 39. Kg4 f5+ 0-1


[Site "https://www.chess.com"]

[Event "Titled Tuesday Blitz May 24 Early 2022"]
[White "Jakubowski, Krzysztof"]
[Black "Vakhlamov, Igor L."]
[WhiteFideId "1112848"]
[BlackFideId "24126748"]
[WhiteElo "2365"]
[BlackElo "2401"]
[Result "0-1"]
[Round "10"]
[TimeControl "180+1"]
[Date "2022.05.25"]
[WhiteClock "0:00:59"]
[BlackClock "0:01:39"]

1. e4 c5 2. Nf3 Nc6 3. d4 cxd4 4. Nxd4 g6 5. c4 Nf6 6. Nc3 d6 7. Be2 Nxd4 8. Qxd4 Bg7 9. O-O O-O 10. Qd3 Be6 11. f4 Rc8 12. Nd5 Nxd5 13. cxd5 Bd7 14. Be3 a6 15. a4 b5 16. Qd2 bxa4 17. Bxa6 Rb8 18. Bd4 Bxd4+ 19. Qxd4 Qa5 20. Bd3 Rb4 21. Qf2 Rfb8 22. Ra2 Rb3 23. Bc4 R3b4 24. Bd3 Bb5 25. Bxb5 Qxb5 26. Rfa1 Rxe4 27. h3 Qxd5 28. Kh2 Rbb4 29. Ra3 Rxf4 30. Qg3 h5 31. Re1 h4 32. Qc3 Rfc4 33. Qe3 Re4 34. Qf2 Qe5+ 0-1


[Site "https://www.chess.com"]

[Event "Titled Tuesday Blitz May 24 Early 2022"]
[White "Jeet, Jain"]
[Black "Stevens, Christian"]
[WhiteFideId "5073022"]
[BlackFideId "2604450"]
[WhiteElo "2028"]
[BlackElo "2507"]
[Result "0-1"]
[Round "10"]
[TimeControl "180+1"]
[Date "2022.05.25"]
[WhiteClock "0:01:37"]
[BlackClock "0:00:06"]

1. d4 Nf6 2. Nc3 d5 3. Bg5 c5 4. Bxf6 gxf6 5. dxc5 d4 6. Ne4 f5 7. Ng3 Qa5+ 8. Qd2 Qxc5 9. Nf3 Nc6 10. e3 dxe3 11. Qxe3 Qb4+ 12. Nd2 f4 13. Qf3 fxg3 14. hxg3 Qxb2 15. Rb1 Qe5+ 16. Kd1 h5 17. Qd3 Bg4+ 18. f3 Rd8 19. Qe2 Bh6 20. Qxe5 Rxd2+ 21. Ke1 Nxe5 22. fxg4 Nxg4 23. Rxb7 Rd8 24. Bb5+ Kf8 25. Rxa7 Bd2+ 26. Ke2 Be3 27. Rb7 Rd2+ 28. Ke1 Rxg2 29. Be2 Rxg3 30. a4 Bf2+ 31. Kd2 Be3+ 32. Ke1 Bf2+ 33. Kf1 Bd4 34. a5 Ne3+ 35. Kf2 Nf5+ 36. Ke1 Kg7 37. Bd3 Bc3+ 38. Kf2 Rg5 39. Rb5 Bd4+ 40. Ke1 e6 41. a6 Be3 42. Rb7 Ra8 43. Rh3 Bd4 44. Kd2 Be5 45. c4 Bf4+ 46. Kc3 Nd6 47. Rb6 Be5+ 48. Kb3 Nc8 49. Rc6 Ne7 50. Rb6 Ng6 51. Bc2 Nf4 52. Rh1 Rg3+ 53. Kb4 Bc3+ 54. Kb5 Bd4 55. c5 Rc3 56. Rc6 Rxc2 57. Kb6 Rb2+ 58. Kc7 Ra7+ 59. Kc8 Ra2 60. Rd1 R2xa6 61. Rxa6 Rxa6 62. Rxd4 e5 63. Rb4 Kf6 64. Kb7 Ra5 65. c6 Nd5 66. Rc4 Ke6 67. c7 Nxc7 68. Kxc7 Rd5 69. Rc6+ Kf5 70. Rh6 Ke4 71. Rxh5 f5 72. Kc6 f4 73. Rh1 Rd4 74. Re1+ Kf5 75. Kc5 Rd8 76. Rh1 f3 77. Rh7 Kf4 78. Rf7+ Ke3 79. Kc4 e4 80. Rd7 Rxd7 81. Kc3 Ke2 82. Kb3 Rd8 83. Kc4 f2 84. Kb3 f1=Q 85. Kb2 Qd1 86. Ka2 Qd3 87. Kb2 Rc8 88. Ka2 Rc2+ 89. Kb1 Qd1# 0-1


[Site "https://www.chess.com"]

[Event "Titled Tuesday Blitz May 24 Early 2022"]
[White "Jian, Alex"]
[Black "Sarkar, Justin"]
[WhiteFideId "30901022"]
[BlackFideId "2010011"]
[WhiteElo "2111"]
[BlackElo "2020"]
[Result "0-1"]
[Round "10"]
[TimeControl "180+1"]
[Date "2022.05.25"]
[WhiteClock "0:00:02"]
[BlackClock "0:00:10"]

1. Nf3 d5 2. b3 Bg4 3. Ne5 Bf5 4. e3 f6 5. Nf3 e5 6. d4 e4 7. Nfd2 Be6 8. c4 c6 9. Nc3 f5 10. Bb2 Nf6 11. Be2 Bd6 12. Rc1 a6 13. O-O f4 14. cxd5 cxd5 15. Na4 O-O 16. Nc5 Bc8 17. a3 b6 18. Na4 Be6 19. b4 Ra7 20. Rc2 Raf7 21. Nb3 f3 22. gxf3 exf3 23. Bxf3 Ne4 24. Bxe4 dxe4 25. d5 Bxh2+ 26. Kxh2 Qh4+ 27. Kg1 Qg5+ 28. Kh1 Rf3 29. Be5 Qxe5 30. dxe6 Qh5+ 31. Kg1 Qg4+ 32. Kh1 Rh3# 0-1


[Site "https://www.chess.com"]

[Event "Titled Tuesday Blitz May 24 Early 2022"]
[White "Kejzar, Petra"]
[Black "Kucuksari, Kaan"]
[WhiteFideId "14610213"]
[BlackFideId "6380166"]
[WhiteElo "2004"]
[BlackElo "2305"]
[Result "0-1"]
[Round "10"]
[TimeControl "180+1"]
[Date "2022.05.25"]
[WhiteClock "0:00:03"]
[BlackClock "0:01:54"]

1. c4 e5 2. Nc3 c6 3. d4 exd4 4. Qxd4 Nf6 5. e4 d6 6. Nf3 Be6 7. Be2 Nbd7 8. O-O Be7 9. Bf4 Nc5 10. b4 Na6 11. a3 O-O 12. Rfd1 c5 13. Qd2 cxb4 14. axb4 Nxb4 15. Rab1 a5 16. Bxd6 Bxd6 17. Qxd6 Qxd6 18. Rxd6 Rfd8 19. Rb6 Nd7 20. Rxb7 Nc5 21. Rb5 Ncd3 22. Nd5 Bxd5 23. cxd5 a4 24. R5xb4 Nxb4 25. Rxb4 a3 26. Bc4 a2 27. Bxa2 Rxa2 28. g3 f5 29. exf5 Rxd5 30. Ng5 Rd8 31. Ne6 Rd7 32. Ng5 Ra8 33. Kg2 h6 34. Ne6 Kf7 35. Nf4 Ra2 36. Rb3 Rdd2 37. Rf3 Kf6 38. Nh5+ Kf7 39. g4 Rd1 40. Kg3 Rg1+ 41. Kh4 Rg2 42. Kh3 Raxf2 43. Rxf2 Rxf2 44. Kg3 Ra2 45. Nf4 Ra3+ 46. Kh4 Ra2 47. Nh5 Ra4 48. h3 Ra7 49. Nf4 Kf6 50. Nh5+ Ke5 51. Kg3 Ra3+ 52. Kh4 Ra7 53. Kg3 Ke4 54. f6 g6 55. Ng7 Ke5 56. Ne8 Ke6 57. f7 Rxf7 58. Nd6 Kxd6 0-1


[Site "https://www.chess.com"]

[Event "Titled Tuesday Blitz May 24 Early 2022"]
[White "Khamdamova, Afruza"]
[Black "Silvestre, Christian"]
[WhiteFideId "14210444"]
[BlackFideId "30956269"]
[WhiteElo "1660"]
[BlackElo "2290"]
[Result "1-0"]
[Round "10"]
[TimeControl "180+1"]
[Date "2022.05.25"]
[WhiteClock "0:01:13"]
[BlackClock "0:01:01"]

1. e4 c6 2. d4 d5 3. Nc3 dxe4 4. Nxe4 Nf6 5. Nxf6+ exf6 6. c3 Bd6 7. Bd3 O-O 8. Qc2 Re8+ 9. Ne2 h6 10. Be3 Nd7 11. O-O-O Nf8 12. h4 Bg4 13. Qd2 Bxe2 14. Bxe2 Qc7 15. g4 c5 16. d5 c4 17. g5 fxg5 18. hxg5 hxg5 19. Bxg5 Ng6 20. Rdg1 b5 21. Bd1 Bf4 22. Bxf4 Qxf4 23. Bc2 Re2 24. Qxf4 Nxf4 25. d6 Rd8 26. Rd1 Re6 27. d7 Re7 28. Bh7+ Kf8 29. Bf5 Kg8 30. Rh4 Ne6 31. Rdh1 g6 32. Bxe6 1-0


[Site "https://www.chess.com"]

[Event "Titled Tuesday Blitz May 24 Early 2022"]
[White "Kholin, Aleksandr"]
[Black "Perez Gormaz, Matias"]
[WhiteFideId "14179385"]
[BlackFideId "3406342"]
[WhiteElo "2478"]
[BlackElo "2341"]
[Result "0-1"]
[Round "10"]
[TimeControl "180+1"]
[Date "2022.05.25"]
[WhiteClock "0:00:30"]
[BlackClock "0:00:53"]

1. d4 d5 2. c4 e6 3. Nc3 a6 4. cxd5 exd5 5. Nf3 c6 6. Bf4 Bd6 7. Bxd6 Qxd6 8. e3 Ne7 9. Bd3 Bf5 10. O-O O-O 11. Rc1 Nd7 12. h3 Rfe8 13. Re1 Nf6 14. Ne5 Bxd3 15. Qxd3 Rad8 16. a3 Qe6 17. Na4 Nc8 18. Nc5 Qe7 19. Qb3 Nd6 20. a4 Nfe4 21. Nxe4 Nxe4 22. a5 Nd6 23. Qb4 Qe6 24. Nd3 Re7 25. Nc5 Qg6 26. Qb6 Rde8 27. b3 Nf5 28. Kh1 Nh4 29. Rg1 Qf5 30. Rcf1 Nf3 31. g4 Qf6 32. Rg3 Nd2 33. Kg2 Nxf1 34. Kxf1 h6 35. Kg2 Qg6 36. Qb4 Qc2 37. Nxb7 Rxe3 38. Rxe3 Rxe3 39. Qd6 Qe4+ 40. Kh2 Rf3 0-1


[Site "https://www.chess.com"]

[Event "Titled Tuesday Blitz May 24 Early 2022"]
[White "Kim, Sergey"]
[Black "Keller, Peter"]
[WhiteFideId "13700570"]
[BlackFideId "1272105"]
[WhiteElo "2531"]
[BlackElo "2275"]
[Result "1/2-1/2"]
[Round "10"]
[TimeControl "180+1"]
[Date "2022.05.25"]
[WhiteClock "0:00:04"]
[BlackClock "0:00:06"]

1. d4 d5 2. c4 c6 3. Nf3 Nf6 4. Qc2 dxc4 5. Qxc4 Bg4 6. Nbd2 Nbd7 7. g3 e6 8. Bg2 Be7 9. O-O O-O 10. e4 Rc8 11. Qb3 Qb6 12. e5 Nd5 13. Nc4 Qc7 14. Ne3 Bxf3 15. Bxf3 N7b6 16. Bd2 Rfd8 17. Rac1 Qd7 18. Ba5 Re8 19. Rfd1 h6 20. Bg2 Bg5 21. f4 Nxe3 22. Qxe3 Be7 23. Kh1 Nd5 24. Qd2 b6 25. Bc3 Red8 26. Qf2 c5 27. dxc5 Bxc5 28. Qe2 Qa4 29. Bxd5 Rxd5 30. Rxd5 exd5 31. a3 d4 32. Be1 Rd8 33. Qd3 a5 34. Kg1 Qd7 35. Bf2 Qd5 36. Rc4 b5 37. Rc1 b4 38. a4 Bb6 39. b3 Qd7 40. Rc4 Rc8 41. Rxc8+ Qxc8 42. Kg2 Qc6+ 43. Qf3 Qd7 44. Qd3 Kf8 45. f5 Qd5+ 46. Qf3 Qxe5 47. Qa8+ Qe8 48. Qd5 Qd8 49. Qc6 Kg8 50. g4 f6 51. h4 d3 52. Bxb6 d2 53. Bxd8 d1=Q 54. Qe6+ Kh7 55. Qe8 Qd2+ 56. Kf3 Qd3+ 57. Kf2 Qd2+ 58. Kf3 Qd3+ 59. Kf2 Qd2+ 60. Kf3 1/2-1/2


[Site "https://www.chess.com"]

[Event "Titled Tuesday Blitz May 24 Early 2022"]
[White "Kollars, Dmitrij"]
[Black "Grischuk, Alexander"]
[WhiteFideId "12909572"]
[BlackFideId "4126025"]
[WhiteElo "2584"]
[BlackElo "2762"]
[Result "0-1"]
[Round "10"]
[TimeControl "180+1"]
[Date "2022.05.24"]
[WhiteClock "0:00:06"]
[BlackClock "0:00:22"]

1. e4 e6 2. d4 d5 3. Nc3 Nf6 4. e5 Nfd7 5. f4 c5 6. Nf3 Nc6 7. Be3 cxd4 8. Nxd4 Qb6 9. Qd2 Qxb2 10. Rb1 Qa3 11. Bb5 Nxd4 12. Bxd4 a6 13. Bxd7+ Bxd7 14. Rb3 Qe7 15. Rxb7 Qh4+ 16. Qf2 Qxf2+ 17. Kxf2 Be7 18. Rhb1 Bd8 19. Rb8 Rxb8 20. Rxb8 O-O 21. Ra8 Ba5 22. Rxa6 Bxc3 23. Bxc3 Rc8 24. Ra3 h5 25. Ke3 Rc4 26. g3 Kh7 27. Kd2 Ba4 28. Ke3 Bxc2 29. Bd4 Ba4 30. Rc3 Rb4 31. Rc7 Kg6 32. Ra7 Bc2 33. Bc3 Rc4 34. Bd4 Be4 35. a4 Rc2 36. Rb7 Rxh2 37. Rb2 Rh3 38. Kf2 h4 39. gxh4 Ra3 40. Rb4 Kf5 41. Be3 Kg4 42. Rb7 Ra2+ 43. Ke1 Kf3 44. Bb6 d4 45. Bxd4 Bxb7 0-1


[Site "https://www.chess.com"]

[Event "Titled Tuesday Blitz May 24 Early 2022"]
[White "Korchmar, Vasiliy"]
[Black "Seo, Jung Min"]
[WhiteFideId "24131750"]
[BlackFideId "1734687"]
[WhiteElo "2370"]
[BlackElo "2401"]
[Result "0-1"]
[Round "10"]
[TimeControl "180+1"]
[Date "2022.05.24"]
[WhiteClock "0:00:02"]
[BlackClock "0:00:05"]

1. e4 e5 2. Nf3 Nc6 3. Nc3 Nf6 4. h3 Bb4 5. Nd5 Bd6 6. Bc4 O-O 7. d3 Nxd5 8. Bxd5 Ne7 9. Bb3 Ng6 10. Ng5 h6 11. Qh5 Qf6 12. g3 Bc5 13. Nf3 d6 14. h4 Ne7 15. Bg5 Qg6 16. Qxg6 Nxg6 17. Bd2 Be6 18. h5 Ne7 19. Rg1 Bxb3 20. axb3 f5 21. Ke2 fxe4 22. dxe4 Rf7 23. g4 Raf8 24. Rg3 a6 25. g5 hxg5 26. Bxg5 Kh8 27. h6 Ng8 28. hxg7+ Rxg7 29. Rh1+ Rh7 30. Rhg1 Ne7 31. Bxe7 Rxe7 32. R1g2 Ref7 33. Rh3+ Rh7 34. Rhg3 Rhf7 35. Rh3+ Rh7 36. Rhg3 Rh6 37. c3 a5 38. Ng5 b6 39. Rg4 b5 40. Nf3 b4 41. Nh4 Rf7 42. Ng6+ Kh7 43. Nh4 bxc3 44. bxc3 c6 45. Nf5 Rh5 46. f3 d5 47. Kd3 Rh3 48. Ke2 Rh5 49. R4g3 Bf8 50. Rg6 dxe4 51. fxe4 c5 52. Kd3 Rh3+ 53. Kc4 Rd7 54. Kb5 Rxc3 55. R6g4 Rh3 56. Kxa5 Rb7 57. Ka6 Rbxb3 58. Rg8 Rh1 0-1


[Site "https://www.chess.com"]

[Event "Titled Tuesday Blitz May 24 Early 2022"]
[White "Kovalev, Vladislav"]
[Black "Zhigalko, Sergei"]
[WhiteFideId "13504398"]
[BlackFideId "13502956"]
[WhiteElo "2530"]
[BlackElo "2662"]
[Result "0-1"]
[Round "10"]
[TimeControl "180+1"]
[Date "2022.05.24"]
[WhiteClock "0:00:09"]
[BlackClock "0:00:05"]

1. e4 c5 2. Be2 Nf6 3. d3 d5 4. e5 Nfd7 5. f4 Nc6 6. Nf3 d4 7. Nbd2 Nb6 8. Ne4 Nd5 9. O-O Qb6 10. Re1 Bf5 11. Bf1 e6 12. Nfd2 Qc7 13. Nc4 O-O-O 14. Ncd6+ Kb8 15. Bd2 f6 16. Nc4 fxe5 17. fxe5 Be7 18. a3 Rhf8 19. b4 Bxe4 20. Rxe4 cxb4 21. axb4 Bxb4 22. Bxb4 Ndxb4 23. Be2 Rd5 24. Bf3 Nxe5 25. Nxe5 Rxe5 26. Rb1 Nd5 27. Rxe5 Qxe5 28. Kh1 Rf7 29. Qd2 Nc3 30. Re1 Qf4 31. Qf2 e5 32. h3 g5 33. Rf1 h5 34. Qe1 Qe3 35. Qxe3 dxe3 36. Re1 e2 37. Kg1 h4 38. Bxe2 a5 39. Bf3 Re7 40. Kf2 b5 41. Ke3 b4 42. Kd2 Kc7 43. d4 e4 44. Bg4 a4 45. Ra1 a3 46. Ke3 Kd6 47. Rf1 Nd5+ 48. Kd2 e3+ 49. Kd3 Nf4+ 50. Kc4 Nxg2 51. Rf6+ Kc7 52. Bf3 Nf4 53. Rc6+ Kd7 54. Ra6 e2 55. Bg4+ Ke8 56. Bxe2 Rxe2 57. Kxb4 Rxc2 58. Rxa3 Rh2 59. Ra5 Nxh3 60. Kc5 Nf4 61. Kd6 Rg2 62. d5 Kf7 63. Ra7+ Kf6 64. Ra8 Rd2 65. Rf8+ Kg7 0-1


[Site "https://www.chess.com"]

[Event "Titled Tuesday Blitz May 24 Early 2022"]
[White "Kowalysko, Roman"]
[Black "Namitbir Singh Walia"]
[WhiteFideId "30918510"]
[BlackFideId "35071068"]
[WhiteElo "2176"]
[BlackElo "1565"]
[Result "0-1"]
[Round "10"]
[TimeControl "180+1"]
[Date "2022.05.25"]
[WhiteClock "0:00:21"]
[BlackClock "0:00:32"]

1. e4 c5 2. Nf3 Nc6 3. d4 cxd4 4. Nxd4 g6 5. Nc3 Bg7 6. Be3 Nf6 7. Be2 O-O 8. O-O d5 9. exd5 Nxd5 10. Nxd5 Qxd5 11. Nxc6 Qxc6 12. Bf3 Qa6 13. c3 Be6 14. Be2 Qc6 15. Bf3 Qb5 16. Qc2 Rfd8 17. Be2 Qc6 18. Bf3 Bd5 19. Bxd5 Rxd5 20. Rfd1 Rad8 21. Rxd5 Rxd5 22. Rd1 b6 23. Rxd5 Qxd5 24. c4 Qe5 25. h3 Qxb2 26. Qxb2 Bxb2 27. c5 bxc5 28. Bxc5 a5 29. Bxe7 f5 30. Kf1 Kf7 31. Bc5 Ke6 32. Ke2 Kd5 33. Bb6 a4 34. Kd3 Be5 35. Ba7 g5 36. Bb6 h5 37. Bd8 g4 38. hxg4 fxg4 39. Be7 Bd4 40. f4 Bf2 41. f5 h4 42. Ke2 Bg3 43. f6 Ke6 44. Bd8 Kf7 45. Ke3 Be5 46. Ke4 Bxf6 47. Bxf6 Kxf6 48. Kf4 h3 49. gxh3 gxh3 50. Kg3 Ke5 51. Kxh3 Kd4 52. Kg2 Kc3 53. Kf2 Kb2 54. Ke1 Kxa2 55. Kd1 Kb2 56. Kd2 a3 57. Kd3 a2 58. Kd4 a1=Q 59. Kc4 Qc1+ 60. Kd3 Qc3+ 61. Ke4 Kc2 62. Kd5 Kd3 63. Kd6 Qd4+ 64. Kc6 Ke4 65. Kb5 Qe5+ 66. Kc4 Qd5+ 67. Kc3 Qd4+ 68. Kc2 Qd3+ 69. Kb2 Kd4 70. Kc1 Qe2 71. Kb1 Kc3 72. Ka1 Qb2# 0-1


[Site "https://www.chess.com"]

[Event "Titled Tuesday Blitz May 24 Early 2022"]
[White "Kvaloy, Aksel Bu"]
[Black "Gronnestad, Anita"]
[WhiteFideId "1528815"]
[BlackFideId "1502972"]
[WhiteElo "2053"]
[BlackElo "1933"]
[Result "1-0"]
[Round "10"]
[TimeControl "180+1"]
[Date "2022.05.25"]
[WhiteClock "0:00:43"]
[BlackClock "0:00:37"]

1. e4 c5 2. Nf3 g6 3. c3 Bg7 4. d4 cxd4 5. cxd4 d5 6. e5 Nc6 7. Bb5 Bg4 8. Bxc6+ bxc6 9. Nbd2 Nh6 10. O-O O-O 11. h3 Bxf3 12. Nxf3 e6 13. Bg5 Qb6 14. Qd2 Nf5 15. g4 h6 16. gxf5 hxg5 17. f6 Bh6 18. Nh2 Rfb8 19. Ng4 Bf8 20. Rad1 Qxb2 21. Qxg5 Rb4 22. Qh4 Rxd4 23. Rxd4 Qxd4 24. Nh6+ 1-0


[Site "https://www.chess.com"]

[Event "Titled Tuesday Blitz May 24 Early 2022"]
[White "Lazavik, Denis"]
[Black "Rostovtsev, Dmitry"]
[WhiteFideId "13515110"]
[BlackFideId "34278320"]
[WhiteElo "2437"]
[BlackElo "2274"]
[Result "0-1"]
[Round "10"]
[TimeControl "180+1"]
[Date "2022.05.24"]
[WhiteClock "0:00:06"]
[BlackClock "0:00:05"]

1. d4 Nf6 2. c4 e6 3. Nf3 d5 4. g3 Bb4+ 5. Bd2 Bd6 6. Bg2 O-O 7. Qc2 c6 8. Nc3 Nbd7 9. e4 dxe4 10. Nxe4 Nxe4 11. Qxe4 e5 12. O-O Nf6 13. Qh4 e4 14. Ne5 Be7 15. Qf4 Qxd4 16. Bc3 Qb6 17. Bxe4 Nxe4 18. Qxe4 Bf6 19. Rfe1 Re8 20. Qf4 Be6 21. Re3 Rad8 22. Rae1 Qc7 23. h4 c5 24. Qf3 Bxe5 25. Rxe5 Bd7 26. Qf4 Rxe5 27. Bxe5 Qc6 28. Rd1 Re8 29. Rd6 Qc7 30. h5 f6 31. Bxf6 gxf6 32. Qxf6 Bc6 33. Kh2 Qg7 34. Qf4 Rf8 35. Qe3 Qf7 36. f4 Qxh5+ 37. Kg1 Re8 38. Re6 Qh1+ 39. Kf2 Qg2+ 40. Ke1 Rxe6 41. Qxe6+ Kg7 42. Qg4+ Kf6 43. Qg5+ Kf7 44. Qf5+ Ke8 45. Qe6+ Kd8 46. Qd6+ Kc8 47. Qf8+ Kc7 48. Qe7+ Kb6 49. Qe3 Qxb2 50. f5 Qb1+ 51. Kd2 Qxf5 52. Qb3+ Kc7 53. Qe3 Qd7+ 54. Kc3 Qd4+ 0-1


[Site "https://www.chess.com"]

[Event "Titled Tuesday Blitz May 24 Early 2022"]
[White "Legenia, Artem"]
[Black "Toncheva, Nadya"]
[WhiteFideId "14136945"]
[BlackFideId "2924056"]
[WhiteElo "1936"]
[BlackElo "1888"]
[Result "0-1"]
[Round "10"]
[TimeControl "180+1"]
[Date "2022.05.25"]
[WhiteClock "0:00:13"]
[BlackClock "0:00:08"]

1. g3 c5 2. Bg2 Nc6 3. b3 g6 4. Bb2 Nf6 5. e3 Bg7 6. Ne2 O-O 7. O-O d5 8. d3 e5 9. a3 Bg4 10. h3 Be6 11. Nd2 Qd7 12. Kh2 Rac8 13. e4 d4 14. f4 exf4 15. Nxf4 Ne5 16. Nf3 Qd6 17. Bc1 Nfd7 18. Nxe6 Qxe6 19. Bf4 b6 20. Qd2 b5 21. a4 a6 22. Bh6 Nxf3+ 23. Bxf3 Ne5 24. axb5 axb5 25. Bf4 c4 26. Bxe5 Qxe5 27. bxc4 bxc4 28. Ra5 c3 29. Qg5 Qxg5 30. Rxg5 Rb8 31. e5 h6 32. Rg4 Bxe5 33. Bd5 Kg7 34. Re4 Bf6 35. Ref4 Rb6 36. Bc4 Re8 37. R1f2 Re3 38. Kg2 Re1 39. R4f3 Rbb1 40. Rxf6 Rg1+ 41. Kf3 Kxf6 42. Kg4+ Ke5 43. Rxf7 Rbf1 44. Re7+ Kd6 45. Re6+ Kc5 46. Rxg6 Rxg3+ 47. Kh5 Rxg6 48. Kxg6 Rf2 49. Bb3 Rh2 50. Kxh6 Rxh3+ 51. Kg6 Rh2 52. Kf6 Rd2 53. Ke5 Re2+ 54. Kf4 Kb4 55. Kf3 Re3+ 56. Kf2 Ka3 57. Kf1 Kb2 58. Kf2 Kc1 59. Ba4 Kb2 60. Kf1 Kc1 61. Kf2 Kd2 62. Bb3 Re2+ 63. Kf1 Re1+ 64. Kf2 Rb1 65. Ba4 Rb2 66. Kf1 Rxc2 0-1


[Site "https://www.chess.com"]

[Event "Titled Tuesday Blitz May 24 Early 2022"]
[White "Leschinsky, Gary"]
[Black "Pham, Le Thao Nguyen"]
[WhiteFideId "30951321"]
[BlackFideId "12401226"]
[WhiteElo "1782"]
[BlackElo "2271"]
[Result "0-1"]
[Round "10"]
[TimeControl "180+1"]
[Date "2022.05.25"]
[WhiteClock "0:00:33"]
[BlackClock "0:00:11"]

1. d4 d5 2. c4 c6 3. Nc3 Nf6 4. Nf3 a6 5. e3 b5 6. b3 Bg4 7. h3 Bh5 8. Be2 e6 9. O-O Nbd7 10. Bb2 Bb4 11. a3 Ba5 12. Ne5 Bxe2 13. Nxe2 Rc8 14. Rc1 Nxe5 15. dxe5 Nd7 16. f4 O-O 17. b4 Bc7 18. c5 Qe7 19. Nd4 Bb8 20. Qg4 Rfe8 21. Rf3 f6 22. Nxe6 Qxe6 23. f5 Nxe5 24. fxe6 Nxg4 25. hxg4 Rxe6 26. Bd4 h6 27. g5 hxg5 28. Rcf1 Rce8 29. Rh3 Kf7 30. g4 Re4 31. Rh7 Rxg4+ 32. Kf2 Kg6 33. Rh3 Rge4 34. Kf3 g4+ 0-1


[Site "https://www.chess.com"]